 Seeded DCSS version 0.31-a0-774-g0d66cbabe8 (webtiles) character file.

Game seed: 12 (custom seed)

496 Psyclone the Tainter (level 7, 0/41 HPs)
             Began as an Octopode Venom Mage on Sept 18, 2023.
             Slain by an ice beast (11 damage)
             ... on level 5 of the Dungeon.
             The game lasted 00:08:26 (4114 turns).

Psyclone the Tainter (Octopode Venom Mage)          Turns: 4114, Time: 00:08:27

Health: 0/41       AC:  1    Str:  7    XL:     7   Next: 15%
Magic:  7/13       EV: 13    Int: 19    God:
Gold:   238        SH:  0    Dex: 13    Spells: 11/14 levels left

rFire   . . .        a - +3 dagger (freeze)
rCold   . . .        (no shield)
rNeg    . . .        (helmet restricted)
rPois   .            (no amulet)
rElec   .            (no ring)
rCorr   .            (no ring)
SInv    .            (no ring)
Will    .....        (no ring)
Stlth   +++          (no ring)
HPRegen 0.26/turn    (no ring)
MPRegen 0.13/turn    (no ring)
                     (no ring)

%: no passive effects
@: no status effects
A: almost no armour, amphibious, 8 rings, camouflage 1, gelatinous body 1,
(nimble swimmer 1), tentacles
a: no special abilities


You were on level 5 of the Dungeon.
You visited 1 branch of the dungeon, and saw 5 of its levels.

You collected 238 gold pieces.

Inventory:

Hand Weapons
 a - a +3 dagger of freezing (weapon)
Jewellery
 c - a ring of ice
Scrolls
 f - 2 scrolls of teleportation
 g - a scroll of identify {@r1}
 j - a scroll of blinking
Potions
 b - a potion of magic
 d - 2 potions of curing
 e - a potion of berserk rage
 i - a potion of ambrosia


   Skills:
 - Level 2.0 Dodging
 - Level 2.6 Stealth
 + Level 4.3 Spellcasting
 - Level 1.0 Transmutations
 - Level 8.0 Poison Magic


You had 11 spell levels left.
You knew the following spells:

 Your Spells              Type           Power      Damage    Failure   Level
a - Poisonous Vapours     Pois/Air       38%        N/A       3%          2
b - Sting                 Tmut/Pois      84%        1d7       1%          1

Your spell library contained the following spells:

 Spells                   Type           Power      Damage    Failure   Level
 Olgreb's Toxic Radiance  Pois           34%        N/A       4%          4
 Mephitic Cloud           Conj/Pois/Air  14%        N/A       13%         3


Dungeon Overview and Level Annotations

Branches:
Dungeon (5/15) Zot: 25886
 Temple: D:4-7

Altars:
Elyvilon

Annotations:
D:3 exclusion: downstairs


Innate Abilities, Weirdness & Mutations

You cannot wear most types of armour.
You are amphibious.
You can wear up to eight rings at the same time.
Your skin changes colour to match your surroundings (Stealth+).
Your rubbery body absorbs attacks. (AC +1, EV +1)
((You are camouflaged when in or above water. (Stealth+)))
You have tentacles for arms and can constrict up to eight enemies at once.


Message History

The orc wizard flickers and vanishes!
Deactivating autopickup; reactivate with Ctrl-A.
You hear a shout!
You take 4 damage, and have 37/41 hp.
Casting: Poisonous Vapours (safe; 3% risk of failure)
Confirm with . or Enter, or press ? or * to list all spells.
Aiming: Poisonous Vapours (safe; 3% risk of failure)
Press: ? - help, Dir - move target, f - centaur
Aim: a centaur Poisonous vapours surround the centaur!
The centaur is poisoned.
The centaur hits you but does no damage.
The centaur kicks you.
You take 1 damage, and have 36/41 hp.
You now have 11/13 mp.
Casting: Poisonous Vapours (safe; 3% risk of failure)
Confirm with . or Enter, or press ? or * to list all spells.
Aiming: Poisonous Vapours (safe; 3% risk of failure)
Press: ? - help, Dir - move target, f/p - centaur
Aim: a centaur (lightly wounded, poisoned) Poisonous vapours surround the centaur!
The centaur looks even sicker.
The centaur hits you. The centaur kicks you. The centaur hits you.
The centaur kicks you.
You take 12 damage, and have 24/41 hp.
MASSIVE DAMAGE!!
You now have 9/13 mp.
Casting: Poisonous Vapours (safe; 3% risk of failure)
Confirm with . or Enter, or press ? or * to list all spells.
Aiming: Poisonous Vapours (safe; 3% risk of failure)
Press: ? - help, Dir - move target, f/p - centaur
Aim: a centaur (lightly wounded, very poisoned) Poisonous vapours surround the centaur!
The centaur looks as sick as possible!
The centaur barely misses you. The centaur misses you.
You now have 7/13 mp.
The centaur wields a +0 orcbow.
The centaur shoots an arrow.
The arrow hits you!
* * * LOW HITPOINT WARNING * * *
You take 13 damage, and have 11/41 hp.
MASSIVE DAMAGE!!
The centaur shoots an arrow.
The arrow barely misses you.
The ice beast attacks as it pursues you!
The ice beast hits you.
* * * LOW HITPOINT WARNING * * *
The ice beast freezes you!
You die...

# .. ###...#
#.......
####...##.#.
#....# .....
#Y#.##...#
#@#.co{#
###..#oo.#
..... #....
###.... #.#
###### .


You could see an ice beast.

Vanquished Creatures
  Sigmund (D:3)
  Blork the orc (D:4)
  A scorpion (D:3)
  A howler monkey (D:4)
  Crazy Yiuf (D:2)
  An iguana (D:4)
  4 adders
  3 worms (D:3)
  3 orcs
  6 bats
  9 endoplasms
  3 giant cockroaches (D:1)
  7 goblins
  6 hobgoblins
  2 jackals (D:2)
  4 quokkas
  8 ball pythons
  2 frilled lizards
  5 kobolds
  2 rats
70 creatures vanquished.

Notes
Turn   | Place    | Note
-------+----------+-------------------------------------------
     0 | D:1      | Psyclone the Octopode Venom Mage began the quest for the
                  | Orb.
     0 | D:1      | Reached XP level 1. HP: 11/11 MP: 3/3
    90 | D:1      | Reached skill level 4 in Poison Magic
    96 | D:1      | Reached XP level 2. HP: 11/17 MP: 0/5
   151 | D:1      | Found a faded altar of an unknown god.
   409 | D:1      | Reached skill level 5 in Poison Magic
   409 | D:1      | Reached XP level 3. HP: 14/21 MP: 6/6
   695 | D:1      | Learned a level 2 spell: Poisonous Vapours
  1107 | D:2      | Reached XP level 4. HP: 24/27 MP: 5/7
  1368 | D:2      | Found a runed translucent door.
  1369 | D:2      | Noticed Crazy Yiuf
  1382 | D:2      | Killed Crazy Yiuf
  1383 | D:2      | Reached skill level 6 in Poison Magic
  1858 | D:3      | Found a white marble altar of Elyvilon.
  1867 | D:3      | Noticed a scorpion
  1915 | D:3      | Killed a scorpion
  1916 | D:3      | Reached skill level 7 in Poison Magic
  1916 | D:3      | Reached XP level 5. HP: 31/31 MP: 1/8
  2426 | D:3      | Noticed Sigmund
  2448 | D:3      | Killed Sigmund
  2449 | D:3      | Reached skill level 8 in Poison Magic
  2449 | D:3      | Reached XP level 6. HP: 36/36 MP: 1/10
  3280 | D:4      | Noticed an ice beast
  3410 | D:4      | Noticed Blork the orc
  3425 | D:4      | Killed Blork the orc
  3426 | D:4      | Reached XP level 7. HP: 34/41 MP: 2/13
  4102 | D:5      | Entered Level 5 of the Dungeon
  4114 | D:5      | Slain by an ice beast

Illustrated notes

Levels and vault maps discovered:
D:1:      moated_graveyard_arrival, layout_basic, shapermc_ecumenical_altar_venn
D:2:      layout_basic, minmay_misc_feat_more_columns, uniq_crazy_yiuf_cottage
D:3:      layout_loops_corners, elyvilon_altar_1, nicolae_elevator_lobby_plus,
          uniq_sigmund
D:4:      layout_basic, grunt_decor_resistance, uniq_blork_the_orc
D:5:      layout_basic, minmay_temple_entry_sparse_star

Skill      XL: |  1  2  3  4  5  6 |
---------------+-------------------+-----
Poison Magic   | 4 5 7 8 |  8.0
Spellcasting   | 3 4 |  4.3
Dodging        | |  2.0
Stealth        | |  2.6
Transmutations | |  1.0

Action                     |  1- 3 |  4- 6 |  7- 9 || total
---------------------------+-------+-------+-------++-------
  Melee: Unarmed           |     7 |       |       ||     7
         Constrict         |    13 |    11 |     2 ||    26
         Tentacles         |     8 |     4 |     1 ||    13
         Dagger            |    47 |    48 |     6 ||   101
         Punch             |       |     1 |       ||     1
   Cast: Sting             |    12 |       |       ||    12
         Poisonous Vapours |     8 |    22 |     8 ||    38
    Use: Scroll            |     2 |     5 |     3 ||    10
         Potion            |       |     2 |       ||     2
   Stab: Sleeping          |     6 |     8 |       ||    14
 Armour: Skin              |    16 |    24 |    13 ||    53
  Dodge: Dodged            |    38 |    22 |    11 ||    71

Table legend: (Time is in decaauts)
 A = Elapsed time spent in this place.
 B = Non-inter-level travel time spent in this place.
 C = Inter-level travel time spent in this place.
 D = Time resting spent in this place.
 E = Time spent auto-exploring this place.
 F = Levels seen in this place.
 G = Mean time per level.
                   A        B        C        D        E       F      G
               +--------+--------+--------+--------+--------+-----+--------+
         Total |   4113 |   3989 |    124 |    141 |   3149 |   5 |  822.6 |
       Dungeon |   4113 |   3989 |    124 |    141 |   3149 |   5 |  822.6 |
               +--------+--------+--------+--------+--------+-----+--------+

Top non-repeatable levels by time:
     D:3: 1510 daAuts
     D:4: 976 daAuts
     D:2: 901 daAuts
     D:1: 713 daAuts
     D:5: 11 daAuts
